Condors vs Heat
Created - February 23, 2024 at 19:38
Goals
|
| Condors |
1 |
0 |
1 |
0 |
0 |
2 |
| Heat |
2 |
0 |
0 |
0 |
2 |
3 |
|
Shots
|
| Condors |
7 |
11 |
12 |
1 |
2 |
31 |
| Heat |
15 |
17 |
11 |
1 |
2 |
44 |
|
1st period
1. Heat , Peter Cehlarik 25 (Evgeny Svechnikov 34, Nico Sturm 30) at 6:32
2. Condors , Patrik Laine 27 (Zac Leslie 31) at 7:10
3. Heat , Frank Corrado 3 (Barclay Goodrow 13, Ryan Spooner 21) at 10:47 (PP)
Penalties :
Phil McRae (Bak) for Interference (Minor) at 8:52
2nd period
No Goal
Penalties :
Zac Leslie (Bak) for Hooking (Minor) at 16:23
3rd period
4. Condors , Patrik Laine 28 (Nick Shore 58) at 6:33 (PP)
Penalties :
Petteri Lindbohm (Sto) for Hooking (Minor) at 6:19
Overtime #1
No Goal
Penalties :
No Penalty
Shootout
Condors, Jason Robertson - Stopped by Michael Hutchinson
Heat, Jesper Bratt - Goal!
Condors, Nick Shore - Shot Misses the Net
Heat, Evgeny Svechnikov - Goal!
Penalties :
No Penalty
Goalie Stats
Stuart Skinner (Bak), 42 saves from 44 shots - (0.955), OTL, 6-5-4, 65:00 minutes
Michael Hutchinson (Sto), 29 saves from 31 shots - (0.935), W, 21-19-4, 65:00 minutes
Players Stats for Condors
Player Name G A P +/- PIM S H SB GA TA FO MP PP MP PK MP
------------------------------------------------------------------------------------
Adam Erne 0 0 0 0 0 3 4 2 0 0 2/2 20:43 0:00 1:23
Alexander Alexeyev 0 0 0 0 0 0 1 2 0 0 0/0 14:19 0:00 0:51
Alexandre Carrier 0 0 0 -1 0 1 2 1 1 2 0/0 23:39 0:14 2:29
Brett Lernout 0 0 0 1 0 2 1 3 0 2 0/0 23:40 0:14 2:22
C.J. Smith 0 0 0 0 0 0 3 1 0 0 0/0 7:18 0:00 0:00
Connor Hurley 0 0 0 0 0 1 0 0 0 1 0/5 12:15 0:00 0:00
Filip Kral 0 0 0 0 0 0 0 0 0 0 0/0 4:13 0:00 0:00
Jason Robertson 0 0 0 0 0 0 1 0 0 0 1/1 19:16 0:14 0:00
Kailer Yamamoto 0 0 0 0 0 0 1 0 0 0 0/0 18:00 0:00 0:00
Kiefer Sherwood 0 0 0 0 0 1 0 0 0 0 1/2 16:02 0:00 2:23
Nick Shore 0 1 1 0 0 4 3 1 2 1 19/38 24:07 0:14 2:26
Nikolai Knyzhov 0 0 0 0 0 0 0 0 0 1 0/0 13:28 0:00 0:00
Patrik Laine 2 0 2 0 0 4 2 0 1 0 1/2 20:50 0:14 0:00
Phil McRae 0 0 0 0 2 1 3 2 1 1 5/8 18:41 0:00 0:15
Philippe Myers 0 0 0 1 0 2 1 2 1 0 0/0 21:41 0:00 1:32
Pontus Holmberg 0 0 0 0 0 1 0 0 0 0 0/0 7:18 0:00 0:00
Ryan McLeod 0 0 0 0 0 2 0 0 0 0 3/5 8:34 0:00 1:16
Taro Hirose 0 0 0 0 0 6 1 0 0 0 1/1 13:00 0:00 0:05
Zac Leslie 0 1 1 -1 2 3 2 1 1 0 0/0 24:00 0:00 0:34
Players Stats for Heat
Player Name G A P +/- PIM S H SB GA TA FO MP PP MP PK MP
------------------------------------------------------------------------------------
Barclay Goodrow 0 1 1 -1 0 1 4 0 1 0 1/2 17:01 1:24 0:14
Brandon Hickey 0 0 0 0 0 2 0 3 0 0 0/0 17:06 0:00 0:14
Christian Jaros 0 0 0 0 0 1 1 1 0 1 0/0 12:48 0:00 0:14
Eric Karlsson 0 0 0 0 0 8 1 0 0 0 0/0 14:00 0:00 0:00
Erik Brannstrom 0 0 0 1 0 4 2 2 1 0 0/0 21:34 2:43 0:00
Evgeny Svechnikov 0 1 1 1 0 6 1 0 0 1 3/4 23:32 2:30 0:00
Frank Corrado 1 0 1 1 0 4 1 3 0 0 0/0 19:17 1:11 0:00
Jesper Bratt 0 0 0 -1 0 2 1 0 1 0 1/3 18:55 2:30 0:00
Nico Sturm 0 1 1 1 0 2 2 0 1 1 13/32 23:00 2:30 0:00
Peter Cehlarik 1 0 1 1 0 4 1 0 0 0 2/2 21:46 0:00 0:14
Petteri Lindbohm 0 0 0 -1 2 3 0 4 2 1 0/0 27:44 1:11 0:00
Rasmus Andersson 0 0 0 -1 0 0 2 1 1 2 0/0 26:30 2:43 0:00
Ryan Donato 0 0 0 0 0 1 1 0 0 0 4/7 13:40 1:24 0:00
Ryan Spooner 0 1 1 -1 0 0 2 1 1 0 4/7 17:22 1:24 0:00
Tage Thompson 0 0 0 0 0 0 0 0 0 1 1/1 9:16 0:00 0:00
Taylor Raddysh 0 0 0 0 0 4 1 1 0 0 0/0 12:42 0:00 0:00
Vitali Kravtsov 0 0 0 0 0 1 0 0 0 0 0/1 9:16 0:00 0:00
Vladislav Kamenev 0 0 0 0 0 1 1 0 0 0 2/5 9:16 0:00 0:00
3 Stars
1 - Stuart Skinner (Bak)
2 - Patrik Laine (Bak)
3 - Frank Corrado (Sto)
Power Play
Condors - 1 on 1 Attempt(s) - 100.00%
Heat - 1 on 2 Attempt(s) - 50.00%
Penalty Kill
Condors - 1 on 2 Attempt(s) - 50.00%
- Score 0 goal in Penalty Kill
Heat - 0 on 1 Attempt(s) - 0.00%
- Score 0 goal in Penalty Kill
Team Stat
Condors - Hits : 25 - Faceoff Wins : 33 - Blocked Shots : 15 - Penalty Minutes : 4
Heat - Hits : 21 - Faceoff Wins : 31 - Blocked Shots : 16 - Penalty Minutes : 2
Official
Referees : Graham Skilliter and Ghislain Hebert
Linesman : Kiel Murchison and Scott Cherrey
Game Notes
No Game Note
Finance
Level 1 -- Attendance: 1998 (99.90%) -- Ticket Income $139,860
Level 2 -- Attendance: 880 (88.00%) -- Ticket Income $35,200
Total Attendance: 2878 (95.93%)
Total Ticket Income: $175,060
Other Income: $8,753
Total Income: $183,813
Condors
5 vs 5 Forward
Center Left Wing Right Wing Time % Phy DF OF
1 Nick Shore Adam Erne Patrik Laine 40 1 2 2
2 Phil McRae Jason Robertson Kailer Yamamoto 30 1 2 2
3 Connor Hurley Taro Hirose Kiefer Sherwood 20 1 2 2
4 Ryan McLeod C.J. Smith Pontus Holmberg 10 1 2 2
5 vs 5 Defense
Defense Defense Time % Phy DF OF
1 Alexandre Carrier Zac Leslie 40 1 2 2
2 Philippe Myers Brett Lernout 30 1 2 2
3 Nikolai Knyzhov Alexander Alexeyev 20 1 2 2
4 Zac Leslie Filip Kral 10 1 2 2
PowerPlay Forward
Center Left Wing Right Wing Time % Phy DF OF
1 Nick Shore Jason Robertson Patrik Laine 60 1 2 2
2 Phil McRae Adam Erne Kailer Yamamoto 40 1 2 2
PowerPlay Defense
Defense Defense Time % Phy DF OF
1 Alexandre Carrier Brett Lernout 60 1 2 2
2 Philippe Myers Zac Leslie 40 1 2 2
Penalty Kill 4 Players Forward
Center Wing Time % Phy DF OF
1 Nick Shore Kiefer Sherwood 60 1 2 2
2 Phil McRae Adam Erne 40 1 2 2
Penalty Kill 4 Players Defense
Defense Defense Time % Phy DF OF
1 Brett Lernout Alexandre Carrier 60 1 2 2
2 Philippe Myers Zac Leslie 40 1 2 2
Penalty Kill - 3 Players Forward
Forward Time % Phy DF OF
1 Phil McRae 60 1 2 2
2 Nick Shore 40 1 2 2
Penalty Kill - 3 Players Defense
Defense Defense Time % Phy DF OF
1 Brett Lernout Alexandre Carrier 60 1 2 2
2 Philippe Myers Zac Leslie 40 1 2 2
4 vs 4 Forward
Center Wing Time % Phy DF OF
1 Nick Shore Kailer Yamamoto 60 1 2 2
2 Phil McRae Adam Erne 40 1 2 2
4 vs 4 Defense
Defense Defense Time % Phy DF OF
1 Philippe Myers Alexandre Carrier 60 1 2 2
2 Brett Lernout Zac Leslie 40 1 2 2
Last Minutes Offensive
Center Left Wing Right Wing Defense Defense
Nick Shore Jason Robertson Patrik Laine Brett Lernout Zac Leslie
Last Minutes Defensive
Center Left Wing Right Wing Defense Defense
Nick Shore Adam Erne Patrik Laine Brett Lernout Zac Leslie
Goaltenders
Starting : Stuart Skinner
Backup : Garret Sparks
Extra Forwards
Normal : Taro Hirose, Connor Hurley, Kiefer Sherwood - PP : Taro Hirose, Connor Hurley - PK : Ryan McLeod
Extra Defensemen
Normal : Zac Leslie, Alexander Alexeyev, Filip Kral - PP : Brett Lernout - PK : Philippe Myers, Alexander Alexeyev
Penalty Shots
Jason Robertson, Nick Shore, Phil McRae, Kiefer Sherwood, Patrik Laine
Custom OT Lines Forwards
Jason Robertson, Nick Shore, Phil McRae, Kiefer Sherwood, Patrik Laine, Kailer Yamamoto, Taro Hirose, Connor Hurley, Ryan McLeod, Pontus Holmberg
Custom OT Lines Defensemen
Brett Lernout, Alexandre Carrier, Philippe Myers, Zac Leslie, Alexander Alexeyev
Scratches
Cole Cassels (Healthy), Colin White (Healthy), Semyon Der-Arguchintsev (Healthy), Emil Djuse (Healthy), Gustav Olofsson (Strained Back Injury)
Jeremy Gregoire (Healthy), Jordan Subban (Healthy), Robin Salo (Healthy), Remi Elie (Healthy), Filip Johansson (Healthy)
Lucas Johansen (Healthy), Cole Fonstad (Healthy), Jack Perbix (Healthy), Jaxson Stauber (Healthy)
Heat
5 vs 5 Forward
Center Left Wing Right Wing Time % Phy DF OF
1 Nico Sturm Peter Cehlarik Evgeny Svechnikov 40 1 2 2
2 Ryan Spooner Jesper Bratt Barclay Goodrow 30 1 2 2
3 Ryan Donato Eric Karlsson Taylor Raddysh 20 1 2 2
4 Vladislav Kamenev Vitali Kravtsov Tage Thompson 10 1 2 2
5 vs 5 Defense
Defense Defense Time % Phy DF OF
1 Petteri Lindbohm Rasmus Andersson 40 1 2 2
2 Erik Brannstrom Frank Corrado 30 1 2 2
3 Christian Jaros Brandon Hickey 20 1 2 2
4 Petteri Lindbohm Brandon Hickey 10 1 2 2
PowerPlay Forward
Center Left Wing Right Wing Time % Phy DF OF
1 Nico Sturm Jesper Bratt Evgeny Svechnikov 60 1 2 2
2 Ryan Spooner Ryan Donato Barclay Goodrow 40 1 2 2
PowerPlay Defense
Defense Defense Time % Phy DF OF
1 Erik Brannstrom Rasmus Andersson 60 1 2 2
2 Petteri Lindbohm Frank Corrado 40 1 2 2
Penalty Kill 4 Players Forward
Center Wing Time % Phy DF OF
1 Peter Cehlarik Barclay Goodrow 60 1 2 2
2 Nico Sturm Jesper Bratt 40 1 2 2
Penalty Kill 4 Players Defense
Defense Defense Time % Phy DF OF
1 Petteri Lindbohm Rasmus Andersson 60 1 2 2
2 Christian Jaros Brandon Hickey 40 1 2 2
Penalty Kill - 3 Players Forward
Forward Time % Phy DF OF
1 Ryan Spooner 60 1 2 2
2 Barclay Goodrow 40 1 2 2
Penalty Kill - 3 Players Defense
Defense Defense Time % Phy DF OF
1 Petteri Lindbohm Rasmus Andersson 60 1 2 2
2 Christian Jaros Brandon Hickey 40 1 2 2
4 vs 4 Forward
Center Wing Time % Phy DF OF
1 Nico Sturm Jesper Bratt 60 1 2 2
2 Ryan Spooner Evgeny Svechnikov 40 1 2 2
4 vs 4 Defense
Defense Defense Time % Phy DF OF
1 Petteri Lindbohm Rasmus Andersson 60 1 2 2
2 Erik Brannstrom Frank Corrado 40 1 2 2
Last Minutes Offensive
Center Left Wing Right Wing Defense Defense
Nico Sturm Jesper Bratt Evgeny Svechnikov Erik Brannstrom Rasmus Andersson
Last Minutes Defensive
Center Left Wing Right Wing Defense Defense
Nico Sturm Peter Cehlarik Barclay Goodrow Petteri Lindbohm Rasmus Andersson
Goaltenders
Starting : Michael Hutchinson
Backup : Joel Hofer
Extra Forwards
Normal : Jesper Bratt, Peter Cehlarik, Barclay Goodrow - PP : Peter Cehlarik, Eric Karlsson - PK : Peter Cehlarik
Extra Defensemen
Normal : Petteri Lindbohm, Brandon Hickey, Christian Jaros - PP : Frank Corrado - PK : Brandon Hickey, Christian Jaros
Penalty Shots
Jesper Bratt, Evgeny Svechnikov, Peter Cehlarik, Vitali Kravtsov, Ryan Spooner
Custom OT Lines Forwards
Peter Cehlarik, Evgeny Svechnikov, Nico Sturm, Jesper Bratt, Ryan Spooner, Eric Karlsson, Ryan Donato, Taylor Raddysh, Barclay Goodrow, Vitali Kravtsov
Custom OT Lines Defensemen
Rasmus Andersson, Erik Brannstrom, Petteri Lindbohm, Frank Corrado, Brandon Hickey
Scratches
Filip Hallander (Healthy), Dominik Masin (Healthy), Skyler Brind'Amour (Healthy), John Gilmour (Healthy), Darren Raddysh (Healthy)
Tim Berni (Healthy), Ivan Chekhovich (Healthy), Trevor Carrick (Healthy), Radim Zohorna (Healthy), Demetrios Koumontzis (Healthy)
Vitek Vanecek (Healthy), Collin Delia (Healthy)
% Time on Ice - Condors
Lines # - Real PCT - Wanted PCT - Time Play
Normal Forward
1 - 35% - 40% - 19:38
2 - 30% - 30% - 17:02
3 - 21% - 20% - 11:54
4 - 13% - 10% - 7:18
Normal Defense
1 - 34% - 40% - 19:13
2 - 34% - 30% - 18:58
3 - 24% - 20% - 13:28
4 - 8% - 10% - 4:13
PP Forward
1 - 100% - 60% - 0:14
2 - 0% - 40% - 0:00
PP Defense
1 - 100% - 60% - 0:14
2 - 0% - 40% - 0:00
PK Forward
1 - 80% - 60% - 3:07
2 - 20% - 40% - 0:47
PK Defense
1 - 61% - 60% - 2:22
2 - 39% - 40% - 1:32
PK3 Forward
1 - 0% - 60%
2 - 0% - 40%
PK3 Defense
1 - 0% - 60%
2 - 0% - 40%
44 Forward
1 - 0% - 60%
2 - 0% - 40%
44 Defense
1 - 0% - 60%
2 - 0% - 40%
Last Minute Offensive - 0:00
Last Minute Defensive - 0:00
Total
Forward - 60:00
Defense - 60:00
|
% Time on Ice - Heat
Lines # - Real PCT - Wanted PCT - Time Play
Normal Forward
1 - 34% - 40% - 19:13
2 - 27% - 30% - 15:19
3 - 22% - 20% - 12:04
4 - 17% - 10% - 9:16
Normal Defense
1 - 38% - 40% - 21:16
2 - 32% - 30% - 18:06
3 - 22% - 20% - 12:34
4 - 7% - 10% - 3:56
PP Forward
1 - 64% - 60% - 2:30
2 - 36% - 40% - 1:24
PP Defense
1 - 70% - 60% - 2:43
2 - 30% - 40% - 1:11
PK Forward
1 - 100% - 60% - 0:14
2 - 0% - 40% - 0:00
PK Defense
1 - 0% - 60% - 0:00
2 - 100% - 40% - 0:14
PK3 Forward
1 - 0% - 60%
2 - 0% - 40%
PK3 Defense
1 - 0% - 60%
2 - 0% - 40%
44 Forward
1 - 0% - 60%
2 - 0% - 40%
44 Defense
1 - 0% - 60%
2 - 0% - 40%
Last Minute Offensive - 0:00
Last Minute Defensive - 0:00
Total
Forward - 60:00
Defense - 60:00
|
Play-by-Play
1st period
0:01 of 1st period - Nick Shore wins face-off versus Nico Sturm in neutral zone.
0:16 of 1st period - Wrist shot by Nick Shore.
0:16 of 1st period - Stopped by Michael Hutchinson with a rebound.
0:47 of 1st period - Snap shot by Taylor Raddysh.
0:47 of 1st period - Stopped by Stuart Skinner without a rebound.
0:48 of 1st period - Ryan Donato wins face-off versus Connor Hurley in Condors zone.
1:03 of 1st period - Snap shot by Erik Brannstrom.
1:03 of 1st period - Stopped by Stuart Skinner with a rebound.
1:20 of 1st period - Off-side.
1:21 of 1st period - Nico Sturm wins face-off versus Nick Shore in neutral zone.
1:47 of 1st period - Wrist shot by Jason Robertson.
1:47 of 1st period - Shot Blocked by Brandon Hickey.
1:49 of 1st period - Slapshot by Filip Kral.
1:49 of 1st period - Shot Blocked by Ryan Spooner.
1:51 of 1st period - Slapshot by Zac Leslie.
1:51 of 1st period - Shot Misses the Net.
1:53 of 1st period - Slapshot by Zac Leslie.
1:53 of 1st period - Deflect By Christian Jaros.
1:53 of 1st period - Stopped by Michael Hutchinson without a rebound.
1:54 of 1st period - Tage Thompson wins face-off versus Ryan McLeod in Heat zone.
2:10 of 1st period - Off-side.
2:11 of 1st period - Nick Shore wins face-off versus Nico Sturm in neutral zone.
2:16 of 1st period - Brandon Hickey is hit by Nick Shore.
2:59 of 1st period - Slapshot by Kailer Yamamoto.
2:59 of 1st period - Shot Blocked by Erik Brannstrom.
4:31 of 1st period - Snap shot by C.J. Smith.
4:31 of 1st period - Shot Misses the Net.
4:55 of 1st period - Nico Sturm is hit by Taro Hirose and loses puck.
5:02 of 1st period - Wrist shot by Taro Hirose.
5:02 of 1st period - Stopped by Michael Hutchinson with a rebound.
5:12 of 1st period - Phil McRae is hit by Ryan Donato.
5:20 of 1st period - Christian Jaros is hit by Philippe Myers and loses puck.
6:08 of 1st period - Wrist shot by Vladislav Kamenev.
6:08 of 1st period - Stopped by Stuart Skinner without a rebound.
6:09 of 1st period - Nick Shore wins face-off versus Nico Sturm in Condors zone.
6:18 of 1st period - Slapshot by Peter Cehlarik.
6:18 of 1st period - Shot Misses the Net.
6:20 of 1st period - Wrist shot by Frank Corrado.
6:20 of 1st period - Stopped by Stuart Skinner without a rebound.
6:21 of 1st period - Nick Shore wins face-off versus Nico Sturm in Condors zone.
6:26 of 1st period - Wrist shot by Nick Shore.
6:26 of 1st period - Stopped by Michael Hutchinson without a rebound.
6:27 of 1st period - Nico Sturm wins face-off versus Nick Shore in Heat zone.
6:32 of 1st period - Wrist shot by Peter Cehlarik.
6:32 of 1st period - Goal by Peter Cehlarik - Condors : 0 - Heat : 1.
6:33 of 1st period - Nico Sturm wins face-off versus Phil McRae in neutral zone.
6:40 of 1st period - Backhand shot by Evgeny Svechnikov.
6:40 of 1st period - Shot Blocked by Phil McRae.
6:59 of 1st period - Barclay Goodrow is hit by Zac Leslie and loses puck.
7:10 of 1st period - Wrist shot by Patrik Laine.
7:10 of 1st period - Goal by Patrik Laine - Condors : 1 - Heat : 1.
7:11 of 1st period - Nico Sturm wins face-off versus Nick Shore in neutral zone.
7:36 of 1st period - Ryan Spooner is hit by Jason Robertson and loses puck.
7:45 of 1st period - Zac Leslie is hit by Barclay Goodrow and loses puck.
8:04 of 1st period - Snap shot by Eric Karlsson.
8:04 of 1st period - Deflect By Taylor Raddysh.
8:04 of 1st period - Shot Blocked by Alexander Alexeyev.
8:04 of 1st period - Puck is out of play.
8:05 of 1st period - Nick Shore wins face-off versus Ryan Donato in Condors zone.
8:26 of 1st period - Wrist shot by Eric Karlsson.
8:26 of 1st period - Stopped by Stuart Skinner with a rebound.
8:28 of 1st period - Slapshot by Christian Jaros.
8:28 of 1st period - Stopped by Stuart Skinner with a rebound.
8:32 of 1st period - Snap shot by Eric Karlsson.
8:32 of 1st period - Stopped by Stuart Skinner with a rebound.
8:52 of 1st period - Minor Penalty to Phil McRae for Interference.
8:53 of 1st period - Kiefer Sherwood wins face-off versus Nico Sturm in Condors zone.
8:53 of 1st period - Kiefer Sherwood is hit by Nico Sturm.
9:07 of 1st period - Snap shot by Jesper Bratt.
9:07 of 1st period - Stopped by Stuart Skinner with a rebound.
9:22 of 1st period - Icing by Barclay Goodrow.
9:23 of 1st period - Nick Shore wins face-off versus Ryan Spooner in Heat zone.
10:17 of 1st period - Snap shot by Nico Sturm.
10:17 of 1st period - Shot Blocked by Brett Lernout.
10:27 of 1st period - Snap shot by Kiefer Sherwood.
10:27 of 1st period - Shot Misses the Net.
10:35 of 1st period - Snap shot by Evgeny Svechnikov.
10:35 of 1st period - Stopped by Stuart Skinner without a rebound.
10:36 of 1st period - Ryan Spooner wins face-off versus Ryan McLeod in Condors zone.
10:43 of 1st period - Wrist shot by Barclay Goodrow.
10:43 of 1st period - Shot Misses the Net.
10:45 of 1st period - Slapshot by Frank Corrado.
10:45 of 1st period - Shot Blocked by Adam Erne.
10:47 of 1st period - Slapshot by Frank Corrado.
10:47 of 1st period - Goal by Frank Corrado - Condors : 1 - Heat : 2.
10:48 of 1st period - Phil McRae wins face-off versus Vladislav Kamenev in neutral zone.
11:10 of 1st period - Icing by Petteri Lindbohm.
11:11 of 1st period - Vladislav Kamenev wins face-off versus Nick Shore in Heat zone.
11:20 of 1st period - Wrist shot by Evgeny Svechnikov.
11:20 of 1st period - Stopped by Stuart Skinner with a rebound.
11:22 of 1st period - Slapshot by Brandon Hickey.
11:22 of 1st period - Shot Blocked by Alexander Alexeyev.
11:24 of 1st period - Snap shot by Brandon Hickey.
11:24 of 1st period - Shot Blocked by Adam Erne.
11:26 of 1st period - Slapshot by Petteri Lindbohm.
11:26 of 1st period - Stopped by Stuart Skinner without a rebound.
11:27 of 1st period - Jesper Bratt wins face-off versus Connor Hurley in Condors zone.
11:38 of 1st period - Wrist shot by Ryan Spooner.
11:38 of 1st period - Shot Hit the Post.
11:40 of 1st period - Wrist shot by Barclay Goodrow.
11:40 of 1st period - Stopped by Stuart Skinner with a rebound.
11:42 of 1st period - Wrist shot by Ryan Spooner.
11:42 of 1st period - Shot Misses the Net.
11:52 of 1st period - Frank Corrado is hit by Adam Erne and loses puck.
11:59 of 1st period - Snap shot by Patrik Laine.
11:59 of 1st period - Stopped by Michael Hutchinson without a rebound.
12:00 of 1st period - Nick Shore wins face-off versus Nico Sturm in Heat zone.
12:03 of 1st period - Wrist shot by Nick Shore.
12:03 of 1st period - Stopped by Michael Hutchinson with a rebound.
12:25 of 1st period - Philippe Myers is hit by Ryan Spooner and loses puck.
12:38 of 1st period - Wrist shot by Jesper Bratt.
12:38 of 1st period - Stopped by Stuart Skinner with a rebound.
12:57 of 1st period - Snap shot by Ryan Donato.
12:57 of 1st period - Shot Misses the Net.
13:04 of 1st period - Icing by Zac Leslie.
13:05 of 1st period - Phil McRae wins face-off versus Vladislav Kamenev in Condors zone.
14:01 of 1st period - Snap shot by Kiefer Sherwood.
14:01 of 1st period - Shot Misses the Net.
16:01 of 1st period - Christian Jaros is hit by C.J. Smith and loses puck.
17:41 of 1st period - Frank Corrado is hit by Zac Leslie.
18:00 of 1st period - Zac Leslie is hit by Barclay Goodrow and loses puck.
18:31 of 1st period - Wrist shot by Alexandre Carrier.
18:31 of 1st period - Shot Misses the Net.
18:33 of 1st period - Slapshot by Alexandre Carrier.
18:33 of 1st period - Shot Blocked by Petteri Lindbohm.
19:06 of 1st period - Peter Cehlarik is hit by Kailer Yamamoto and loses puck.
19:31 of 1st period - Snap shot by Nick Shore.
19:31 of 1st period - Deflect By Erik Brannstrom.
19:31 of 1st period - Shot Blocked by Erik Brannstrom.
19:31 of 1st period - Puck is out of play.
19:32 of 1st period - Nick Shore wins face-off versus Jesper Bratt in Heat zone.
19:55 of 1st period - Adam Erne is hit by Barclay Goodrow and loses puck.
Goals for this period are 1 for Condors vs 2 for Heat.
Shots for this period are 7 for Condors vs 15 for Heat.
2nd period
0:01 of 2nd period - Nick Shore wins face-off versus Nico Sturm in neutral zone.
0:15 of 2nd period - Wrist shot by Peter Cehlarik.
0:15 of 2nd period - Stopped by Stuart Skinner without a rebound.
0:16 of 2nd period - Ryan Spooner wins face-off versus Phil McRae in Condors zone.
1:19 of 2nd period - Off-side.
1:20 of 2nd period - Ryan McLeod wins face-off versus Vitali Kravtsov in neutral zone.
1:23 of 2nd period - Backhand shot by Philippe Myers.
1:23 of 2nd period - Stopped by Michael Hutchinson without a rebound.
1:24 of 2nd period - Ryan McLeod wins face-off versus Vladislav Kamenev in Heat zone.
1:39 of 2nd period - Petteri Lindbohm is hit by C.J. Smith and loses puck.
1:46 of 2nd period - Snap shot by Ryan McLeod.
1:46 of 2nd period - Stopped by Michael Hutchinson without a rebound.
1:47 of 2nd period - Nick Shore wins face-off versus Nico Sturm in Heat zone.
2:00 of 2nd period - Alexandre Carrier is hit by Erik Brannstrom and loses puck.
2:32 of 2nd period - Slapshot by Zac Leslie.
2:32 of 2nd period - Stopped by Michael Hutchinson without a rebound.
2:33 of 2nd period - Ryan Donato wins face-off versus Kiefer Sherwood in Heat zone.
2:38 of 2nd period - Snap shot by Taro Hirose.
2:38 of 2nd period - Stopped by Michael Hutchinson with a rebound.
2:44 of 2nd period - Backhand shot by Connor Hurley.
2:44 of 2nd period - Stopped by Michael Hutchinson without a rebound.
2:45 of 2nd period - Nick Shore wins face-off versus Nico Sturm in Heat zone.
2:58 of 2nd period - Slapshot by Patrik Laine.
2:58 of 2nd period - Shot Misses the Net.
3:00 of 2nd period - Slapshot by Patrik Laine.
3:00 of 2nd period - Shot Misses the Net.
3:59 of 2nd period - Wrist shot by Tage Thompson.
3:59 of 2nd period - Deflect By Adam Erne.
3:59 of 2nd period - Shot Misses the Net.
3:59 of 2nd period - Puck is out of play.
4:00 of 2nd period - Nico Sturm wins face-off versus Nick Shore in Condors zone.
4:01 of 2nd period - Slapshot by Rasmus Andersson.
4:01 of 2nd period - Deflect By Peter Cehlarik.
4:01 of 2nd period - Stopped by Stuart Skinner with a rebound.
4:27 of 2nd period - Alexandre Carrier is hit by Eric Karlsson and loses puck.
5:17 of 2nd period - Wrist shot by Kailer Yamamoto.
5:17 of 2nd period - Shot Misses the Net.
5:19 of 2nd period - Slapshot by Taro Hirose.
5:19 of 2nd period - Shot Blocked by Frank Corrado.
5:59 of 2nd period - Nikolai Knyzhov is hit by Ryan Spooner and loses puck.
6:18 of 2nd period - Wrist shot by C.J. Smith.
6:18 of 2nd period - Shot Misses the Net.
6:20 of 2nd period - Snap shot by Nikolai Knyzhov.
6:20 of 2nd period - Shot Blocked by Petteri Lindbohm.
6:22 of 2nd period - Wrist shot by Nikolai Knyzhov.
6:22 of 2nd period - Shot Misses the Net.
6:24 of 2nd period - Wrist shot by Ryan McLeod.
6:24 of 2nd period - Stopped by Michael Hutchinson with a rebound.
6:26 of 2nd period - Snap shot by Pontus Holmberg.
6:26 of 2nd period - Stopped by Michael Hutchinson without a rebound.
6:27 of 2nd period - Nico Sturm wins face-off versus Nick Shore in Heat zone.
6:34 of 2nd period - Slapshot by Erik Brannstrom.
6:34 of 2nd period - Shot Blocked by Zac Leslie.
6:36 of 2nd period - Snap shot by Evgeny Svechnikov.
6:36 of 2nd period - Stopped by Stuart Skinner with a rebound.
6:38 of 2nd period - Slapshot by Frank Corrado.
6:38 of 2nd period - Stopped by Stuart Skinner with a rebound.
6:52 of 2nd period - Jason Robertson is hit by Frank Corrado and loses puck.
7:13 of 2nd period - Backhand shot by Erik Brannstrom.
7:13 of 2nd period - Stopped by Stuart Skinner without a rebound.
7:14 of 2nd period - Ryan Donato wins face-off versus Connor Hurley in Condors zone.
7:50 of 2nd period - Snap shot by Taro Hirose.
7:50 of 2nd period - Stopped by Michael Hutchinson with a rebound.
7:54 of 2nd period - Snap shot by Taro Hirose.
7:54 of 2nd period - Shot Blocked by Christian Jaros.
7:56 of 2nd period - Slapshot by Zac Leslie.
7:56 of 2nd period - Stopped by Michael Hutchinson without a rebound.
7:57 of 2nd period - Adam Erne wins face-off versus Jesper Bratt in Heat zone.
7:58 of 2nd period - Snap shot by Nick Shore.
7:58 of 2nd period - Deflect By Adam Erne.
7:58 of 2nd period - Shot Misses the Net.
7:58 of 2nd period - Puck is out of play.
7:59 of 2nd period - Barclay Goodrow wins face-off versus Nick Shore in Heat zone.
8:30 of 2nd period - Philippe Myers is hit by Evgeny Svechnikov and loses puck.
8:42 of 2nd period - Icing by Brett Lernout.
8:43 of 2nd period - Ryan Donato wins face-off versus Connor Hurley in Condors zone.
8:44 of 2nd period - Snap shot by Eric Karlsson.
8:44 of 2nd period - Stopped by Stuart Skinner with a rebound.
8:48 of 2nd period - Snap shot by Eric Karlsson.
8:48 of 2nd period - Stopped by Stuart Skinner with a rebound.
8:50 of 2nd period - Slapshot by Brandon Hickey.
8:50 of 2nd period - Stopped by Stuart Skinner with a rebound.
8:52 of 2nd period - Backhand shot by Ryan Donato.
8:52 of 2nd period - Shot Misses the Net.
8:54 of 2nd period - Slapshot by Brandon Hickey.
8:54 of 2nd period - Stopped by Stuart Skinner without a rebound.
8:55 of 2nd period - Nico Sturm wins face-off versus Nick Shore in Condors zone.
8:56 of 2nd period - Wrist shot by Peter Cehlarik.
8:56 of 2nd period - Shot Misses the Net.
9:08 of 2nd period - Wrist shot by Nick Shore.
9:08 of 2nd period - Shot Blocked by Petteri Lindbohm.
9:10 of 2nd period - Wrist shot by Nick Shore.
9:10 of 2nd period - Shot Misses the Net.
9:42 of 2nd period - Wrist shot by Ryan Donato.
9:42 of 2nd period - Stopped by Stuart Skinner with a rebound.
9:44 of 2nd period - Wrist shot by Eric Karlsson.
9:44 of 2nd period - Deflect By Kiefer Sherwood.
9:44 of 2nd period - Stopped by Stuart Skinner with a rebound.
9:46 of 2nd period - Wrist shot by Eric Karlsson.
9:46 of 2nd period - Stopped by Stuart Skinner with a rebound.
9:48 of 2nd period - Snap shot by Taylor Raddysh.
9:48 of 2nd period - Stopped by Stuart Skinner with a rebound.
9:50 of 2nd period - Slapshot by Erik Brannstrom.
9:50 of 2nd period - Stopped by Stuart Skinner with a rebound.
10:04 of 2nd period - Backhand shot by Nick Shore.
10:04 of 2nd period - Shot Misses the Net.
10:06 of 2nd period - Snap shot by Adam Erne.
10:06 of 2nd period - Stopped by Michael Hutchinson without a rebound.
10:07 of 2nd period - Vladislav Kamenev wins face-off versus Nick Shore in Heat zone.
11:26 of 2nd period - Slapshot by Vitali Kravtsov.
11:26 of 2nd period - Stopped by Stuart Skinner with a rebound.
11:38 of 2nd period - Snap shot by Nick Shore.
11:38 of 2nd period - Shot Misses the Net.
11:40 of 2nd period - Snap shot by Adam Erne.
11:40 of 2nd period - Shot Blocked by Brandon Hickey.
11:42 of 2nd period - Slapshot by Adam Erne.
11:42 of 2nd period - Stopped by Michael Hutchinson with a rebound.
11:44 of 2nd period - Wrist shot by Patrik Laine.
11:44 of 2nd period - Shot Blocked by Brandon Hickey.
11:46 of 2nd period - Slapshot by Nikolai Knyzhov.
11:46 of 2nd period - Deflect By Patrik Laine.
11:46 of 2nd period - Shot Misses the Net.
11:46 of 2nd period - Puck is out of play.
11:47 of 2nd period - Nico Sturm wins face-off versus Phil McRae in Heat zone.
11:56 of 2nd period - Wrist shot by Evgeny Svechnikov.
11:56 of 2nd period - Stopped by Stuart Skinner with a rebound.
12:12 of 2nd period - Barclay Goodrow is hit by C.J. Smith and loses puck.
12:35 of 2nd period - Slapshot by Taro Hirose.
12:35 of 2nd period - Shot Blocked by Rasmus Andersson.
12:37 of 2nd period - Slapshot by Kiefer Sherwood.
12:37 of 2nd period - Shot Misses the Net.
12:39 of 2nd period - Snap shot by Connor Hurley.
12:39 of 2nd period - Shot Misses the Net.
15:41 of 2nd period - Wrist shot by Taylor Raddysh.
15:41 of 2nd period - Deflect By Eric Karlsson.
15:41 of 2nd period - Stopped by Stuart Skinner without a rebound.
15:42 of 2nd period - Adam Erne wins face-off versus Ryan Donato in Condors zone.
15:49 of 2nd period - Petteri Lindbohm is hit by Adam Erne and loses puck.
16:23 of 2nd period - Minor Penalty to Zac Leslie for Hooking.
16:24 of 2nd period - Nick Shore wins face-off versus Nico Sturm in Condors zone.
16:24 of 2nd period - Nick Shore is hit by Rasmus Andersson.
18:19 of 2nd period - Ryan Spooner is hit by Nick Shore and loses puck.
18:23 of 2nd period - Penalty to Zac Leslie is over, Zac Leslie is back on ice.
19:58 of 2nd period - Philippe Myers is hit by Rasmus Andersson and loses puck.
Goals for this period are 0 for Condors vs 0 for Heat.
Shots for this period are 11 for Condors vs 17 for Heat.
3rd period
0:01 of 3rd period - Nico Sturm wins face-off versus Nick Shore in neutral zone.
0:37 of 3rd period - Wrist shot by Kiefer Sherwood.
0:37 of 3rd period - Deflect By Taro Hirose.
0:37 of 3rd period - Stopped by Michael Hutchinson with a rebound.
0:57 of 3rd period - Snap shot by Kailer Yamamoto.
0:57 of 3rd period - Shot Blocked by Frank Corrado.
0:59 of 3rd period - Snap shot by Kailer Yamamoto.
0:59 of 3rd period - Shot Misses the Net.
1:11 of 3rd period - Snap shot by Nick Shore.
1:11 of 3rd period - Shot Misses the Net.
1:19 of 3rd period - Wrist shot by Taylor Raddysh.
1:19 of 3rd period - Stopped by Stuart Skinner without a rebound.
1:20 of 3rd period - Phil McRae wins face-off versus Nico Sturm in Condors zone.
1:25 of 3rd period - Nico Sturm is hit by Brett Lernout and loses puck.
1:34 of 3rd period - Brett Lernout is hit by Peter Cehlarik and loses puck.
1:53 of 3rd period - Slapshot by Jesper Bratt.
1:53 of 3rd period - Deflect By Ryan Spooner.
1:53 of 3rd period - Shot Blocked by Brett Lernout.
1:53 of 3rd period - Puck is out of play.
1:54 of 3rd period - Patrik Laine wins face-off versus Ryan Spooner in Condors zone.
2:10 of 3rd period - Icing by Zac Leslie.
2:11 of 3rd period - Nick Shore wins face-off versus Nico Sturm in Condors zone.
2:22 of 3rd period - Snap shot by Nick Shore.
2:22 of 3rd period - Shot Misses the Net.
2:30 of 3rd period - Slapshot by Alexandre Carrier.
2:30 of 3rd period - Shot Misses the Net.
3:11 of 3rd period - Slapshot by Petteri Lindbohm.
3:11 of 3rd period - Stopped by Stuart Skinner without a rebound.
3:12 of 3rd period - Phil McRae wins face-off versus Nico Sturm in Condors zone.
3:12 of 3rd period - Phil McRae is hit by Erik Brannstrom.
4:27 of 3rd period - Slapshot by Erik Brannstrom.
4:27 of 3rd period - Stopped by Stuart Skinner without a rebound.
4:28 of 3rd period - Nico Sturm wins face-off versus Nick Shore in Condors zone.
4:29 of 3rd period - Wrist shot by Evgeny Svechnikov.
4:29 of 3rd period - Stopped by Stuart Skinner with a rebound.
4:55 of 3rd period - Zac Leslie is hit by Jesper Bratt and loses puck.
5:19 of 3rd period - Slapshot by Taylor Raddysh.
5:19 of 3rd period - Shot Misses the Net.
5:21 of 3rd period - Slapshot by Ryan Donato.
5:21 of 3rd period - Shot Blocked by C.J. Smith.
5:23 of 3rd period - Snap shot by Taylor Raddysh.
5:23 of 3rd period - Stopped by Stuart Skinner without a rebound.
5:24 of 3rd period - Nick Shore wins face-off versus Nico Sturm in Condors zone.
5:31 of 3rd period - Slapshot by Patrik Laine.
5:31 of 3rd period - Stopped by Michael Hutchinson with a rebound.
5:33 of 3rd period - Slapshot by Brett Lernout.
5:33 of 3rd period - Shot Misses the Net.
5:35 of 3rd period - Slapshot by Adam Erne.
5:35 of 3rd period - Deflect By Nick Shore.
5:35 of 3rd period - Shot Blocked by Petteri Lindbohm.
5:35 of 3rd period - Puck is out of play.
5:36 of 3rd period - Nico Sturm wins face-off versus Patrik Laine in Heat zone.
5:41 of 3rd period - Slapshot by Rasmus Andersson.
5:41 of 3rd period - Shot Misses the Net.
6:02 of 3rd period - Petteri Lindbohm is hit by Phil McRae and loses puck.
6:19 of 3rd period - Minor Penalty to Petteri Lindbohm for Hooking.
6:20 of 3rd period - Nick Shore wins face-off versus Barclay Goodrow in Heat zone.
6:33 of 3rd period - Snap shot by Patrik Laine.
6:33 of 3rd period - Goal by Patrik Laine - Condors : 2 - Heat : 2.
6:34 of 3rd period - Nick Shore wins face-off versus Nico Sturm in neutral zone.
7:08 of 3rd period - Wrist shot by Taro Hirose.
7:08 of 3rd period - Stopped by Michael Hutchinson with a rebound.
7:10 of 3rd period - Snap shot by Taro Hirose.
7:10 of 3rd period - Stopped by Michael Hutchinson without a rebound.
7:11 of 3rd period - Nico Sturm wins face-off versus Nick Shore in Heat zone.
7:11 of 3rd period - Nico Sturm is hit by Nick Shore.
7:43 of 3rd period - Wrist shot by Jason Robertson.
7:43 of 3rd period - Shot Misses the Net.
7:45 of 3rd period - Slapshot by Philippe Myers.
7:45 of 3rd period - Stopped by Michael Hutchinson without a rebound.
7:46 of 3rd period - Taro Hirose wins face-off versus Nico Sturm in Heat zone.
8:20 of 3rd period - Off-side.
8:21 of 3rd period - Nico Sturm wins face-off versus Nick Shore in neutral zone.
8:34 of 3rd period - Wrist shot by Adam Erne.
8:34 of 3rd period - Stopped by Michael Hutchinson without a rebound.
8:35 of 3rd period - Nick Shore wins face-off versus Nico Sturm in Heat zone.
8:50 of 3rd period - Slapshot by Petteri Lindbohm.
8:50 of 3rd period - Shot Blocked by Alexandre Carrier.
9:12 of 3rd period - Slapshot by Adam Erne.
9:12 of 3rd period - Shot Misses the Net.
9:14 of 3rd period - Wrist shot by Nick Shore.
9:14 of 3rd period - Shot Misses the Net.
9:16 of 3rd period - Snap shot by Alexandre Carrier.
9:16 of 3rd period - Stopped by Michael Hutchinson without a rebound.
9:17 of 3rd period - Jason Robertson wins face-off versus Nico Sturm in Heat zone.
9:25 of 3rd period - Off-side.
9:26 of 3rd period - Phil McRae wins face-off versus Nico Sturm in neutral zone.
10:36 of 3rd period - Wrist shot by Rasmus Andersson.
10:36 of 3rd period - Shot Blocked by Philippe Myers.
10:38 of 3rd period - Snap shot by Nico Sturm.
10:38 of 3rd period - Stopped by Stuart Skinner with a rebound.
10:40 of 3rd period - Backhand shot by Nico Sturm.
10:40 of 3rd period - Stopped by Stuart Skinner with a rebound.
10:54 of 3rd period - Wrist shot by Peter Cehlarik.
10:54 of 3rd period - Shot Misses the Net.
11:28 of 3rd period - Snap shot by Nico Sturm.
11:28 of 3rd period - Shot Blocked by Philippe Myers.
11:30 of 3rd period - Snap shot by Evgeny Svechnikov.
11:30 of 3rd period - Shot Blocked by Brett Lernout.
11:32 of 3rd period - Snap shot by Petteri Lindbohm.
11:32 of 3rd period - Stopped by Stuart Skinner with a rebound.
11:34 of 3rd period - Snap shot by Peter Cehlarik.
11:34 of 3rd period - Shot Blocked by Phil McRae.
11:36 of 3rd period - Wrist shot by Peter Cehlarik.
11:36 of 3rd period - Stopped by Stuart Skinner without a rebound.
11:37 of 3rd period - Ryan Spooner wins face-off versus Nick Shore in Condors zone.
12:13 of 3rd period - Slapshot by Alexandre Carrier.
12:13 of 3rd period - Shot Blocked by Taylor Raddysh.
12:15 of 3rd period - Snap shot by Kiefer Sherwood.
12:15 of 3rd period - Stopped by Michael Hutchinson without a rebound.
12:16 of 3rd period - Ryan McLeod wins face-off versus Ryan Spooner in Heat zone.
12:28 of 3rd period - Alexander Alexeyev is hit by Barclay Goodrow and loses puck.
12:43 of 3rd period - Patrik Laine is hit by Christian Jaros and loses puck.
12:50 of 3rd period - Slapshot by Eric Karlsson.
12:50 of 3rd period - Stopped by Stuart Skinner with a rebound.
12:52 of 3rd period - Slapshot by Frank Corrado.
12:52 of 3rd period - Deflect By Patrik Laine.
12:52 of 3rd period - Stopped by Stuart Skinner with a rebound.
13:23 of 3rd period - Barclay Goodrow is hit by Alexandre Carrier and loses puck.
13:58 of 3rd period - Wrist shot by Vitali Kravtsov.
13:58 of 3rd period - Shot Hit the Post.
14:13 of 3rd period - Jesper Bratt is hit by Patrik Laine and loses puck.
14:26 of 3rd period - Ryan McLeod is hit by Taylor Raddysh and loses puck.
14:43 of 3rd period - Nick Shore is hit by Vladislav Kamenev and loses puck.
14:52 of 3rd period - Vitali Kravtsov is hit by Patrik Laine and loses puck.
16:10 of 3rd period - Slapshot by Zac Leslie.
16:10 of 3rd period - Deflect By C.J. Smith.
16:10 of 3rd period - Shot Blocked by Frank Corrado.
16:10 of 3rd period - Puck is out of play.
16:11 of 3rd period - Peter Cehlarik wins face-off versus Nick Shore in Heat zone.
16:11 of 3rd period - Peter Cehlarik is hit by Adam Erne.
16:58 of 3rd period - Snap shot by Phil McRae.
16:58 of 3rd period - Shot Misses the Net.
17:00 of 3rd period - Slapshot by Brett Lernout.
17:00 of 3rd period - Stopped by Michael Hutchinson without a rebound.
17:01 of 3rd period - Nick Shore wins face-off versus Ryan Donato in Heat zone.
18:19 of 3rd period - Wrist shot by Nick Shore.
18:19 of 3rd period - Stopped by Michael Hutchinson without a rebound.
18:20 of 3rd period - Ryan Spooner wins face-off versus Connor Hurley in Heat zone.
18:45 of 3rd period - Eric Karlsson is hit by Adam Erne and loses puck.
19:00 of 3rd period - Wrist shot by Phil McRae.
19:00 of 3rd period - Stopped by Michael Hutchinson with a rebound.
19:06 of 3rd period - Philippe Myers is hit by Nico Sturm and loses puck.
19:35 of 3rd period - Christian Jaros is hit by Alexander Alexeyev and loses puck.
Goals for this period are 1 for Condors vs 0 for Heat.
Shots for this period are 12 for Condors vs 11 for Heat.
Overtime #1
0:01 of 1st overtime period - Peter Cehlarik wins face-off versus Nick Shore in neutral zone.
0:12 of 1st overtime period - Slapshot by Brett Lernout.
0:12 of 1st overtime period - Stopped by Michael Hutchinson with a rebound.
0:26 of 1st overtime period - Evgeny Svechnikov is hit by Phil McRae and loses puck.
0:31 of 1st overtime period - Snap shot by Phil McRae.
0:31 of 1st overtime period - Deflect By Kiefer Sherwood.
0:31 of 1st overtime period - Shot Misses the Net.
0:31 of 1st overtime period - Puck is out of play.
0:32 of 1st overtime period - Evgeny Svechnikov wins face-off versus Nick Shore in Heat zone.
0:36 of 1st overtime period - Off-side.
0:37 of 1st overtime period - Evgeny Svechnikov wins face-off versus Nick Shore in neutral zone.
0:50 of 1st overtime period - Slapshot by Evgeny Svechnikov.
0:50 of 1st overtime period - Deflect By Nick Shore.
0:50 of 1st overtime period - Shot Blocked by Nick Shore.
0:50 of 1st overtime period - Puck is out of play.
0:51 of 1st overtime period - Nick Shore wins face-off versus Evgeny Svechnikov in Condors zone.
0:53 of 1st overtime period - Icing by Jason Robertson.
0:54 of 1st overtime period - Evgeny Svechnikov wins face-off versus Nick Shore in Condors zone.
1:01 of 1st overtime period - Snap shot by Evgeny Svechnikov.
1:01 of 1st overtime period - Stopped by Stuart Skinner with a rebound.
2:22 of 1st overtime period - Wrist shot by Patrik Laine.
2:22 of 1st overtime period - Shot Misses the Net.
3:54 of 1st overtime period - Eric Karlsson is hit by Alexandre Carrier and loses puck.
4:53 of 1st overtime period - Eric Karlsson is hit by Phil McRae and loses puck.
Goals for this period are 0 for Condors vs 0 for Heat.
Shots for this period are 1 for Condors vs 1 for Heat.
ShootOut
5:00 of 1st overtime period - Round #1.
5:00 of 1st overtime period - Condors, Jason Robertson.
5:00 of 1st overtime period - Deke by Jason Robertson.
5:00 of 1st overtime period - Stopped by Michael Hutchinson.
5:00 of 1st overtime period - Heat, Jesper Bratt.
5:00 of 1st overtime period - Wrist shot by Jesper Bratt.
5:00 of 1st overtime period - Goal by Jesper Bratt.
5:00 of 1st overtime period - Round #2.
5:00 of 1st overtime period - Condors, Nick Shore.
5:00 of 1st overtime period - Backhand shot by Nick Shore.
5:00 of 1st overtime period - Shot Misses the Net.
5:00 of 1st overtime period - Heat, Evgeny Svechnikov.
5:00 of 1st overtime period - Wrist shot by Evgeny Svechnikov.
5:00 of 1st overtime period - Goal by Evgeny Svechnikov.
5:00 of 1st overtime period - Round #3.